 Dungeon Crawl Stone Soup version 0.31.0-10-gcf4a605ca0 (webtiles) character file.

Game seed: 8363048638990088943

77202 sanka the Fighter (level 15, -7/139 HPs)
             Began as a Minotaur Fighter on Jan 25, 2024.
             Was an Elder of the Shining One.
             Killed from afar by a hell hog (20 damage)
             ... with a fireball
             ... on level 1 of the Depths.
             The game lasted 00:40:44 (21140 turns).

sanka the Fighter (Minotaur Fighter)               Turns: 21140, Time: 00:40:45

Health: -7/139     AC: 26    Str: 23    XL:     15   Next: 14%
Magic:  23/23      EV: 15    Int:  1    God:    the Shining One [****..]
Gold:   1481       SH: 18    Dex: 27    Spells: 14/14 levels left

rFire   . . .        a - +3 flail
rCold   . . .        M - +2 kite shield
rNeg    + + .        H - +3 plate armour
rPois   .            (helmet restricted)
rElec   .            r - +0 cloak
rCorr   +            i - +2 pair of gloves
SInv    .            Q - +0 pair of boots
Will    ++++.        (no amulet) Stlth
                     b - ring "Tazaim" {Will+++ rCorr Int-4 Dex+6 Slay+2}
HPRegen 0.43/turn    F - +6 ring of dexterity
MPRegen 0.18/turn

%: no passive effects
@: glowing
A: horns 2, retaliatory headbutt
a: Renounce Religion, Divine Shield, Cleansing Flame


You were on level 1 of the Depths.
You worshipped the Shining One.
The Shining One was greatly pleased with you.
You visited 3 branches of the dungeon, and saw 18 of its levels.

You collected 1481 gold pieces.


Innate Abilities, Weirdness & Mutations

You have a pair of horns on your head.
You reflexively headbutt those who attack you in melee.


   Skills:
 + Level 14.4 Fighting
 - Level 12.0 Maces & Flails
 + Level 14.4 Armour
 + Level 11.6 Dodging
 + Level 14.4 Shields
 - Level 12.0 Invocations


You had 14 spell levels left.
You didn't know any spells.
Your spell library contained the following spells:

 Spells                   Type           Power      Damage    Failure   Level
 Magic Dart               Conj           0%         1d3       100%        1
 Sting                    Conj/Alch      0%         1d3       100%        1
 Blink                    Tloc           0%         N/A       100%        2
 Call Imp                 Summ           0%         N/A       100%        2
 Mercury Vapours          Alch/Air       0%         N/A       100%        2
 Olgreb's Toxic Radiance  Alch           0%         N/A       100%        4
 Alistair's Intoxication  Alch           0%         N/A       100%        5
 Borgnjor's Vile Clutch   Necr/Erth      0%         N/A       100%        5
 Eringya's Noxious Bog    Alch           0%         4d6       100%        6

Inventory:

Hand Weapons
 a - a +3 flail (weapon)
 h - a +0 morningstar
 z - a +1 spear of venom
 D - a +0 flail
Missiles
 x - 8 throwing nets {=f}
Armour
 i - a +2 pair of gloves (worn)
 r - a +0 cloak (worn)
 H - a +3 plate armour (worn)
 M - a +2 kite shield (worn)
 Q - a +0 pair of boots (worn)
Jewellery
 b - the ring "Tazaim" (left hand) {Will+++ rCorr Int-4 Dex+6 Slay+2}

   [ring of dexterity]

   Int-4:     It affects your intelligence (-4).
   Dex+6:     It affects your dexterity (+6).
   Slay+2:    It affects your accuracy & damage with ranged weapons and melee
   (+2).
   Will+++:   It greatly increases your willpower.
   rCorr:     It protects you from acid and corrosion.
 F - a +6 ring of dexterity (right hand)
 R - a ring of poison resistance
Wands
 c - a wand of paralysis (15)
 n - a wand of iceblast (6)
 o - a wand of mindburst (21)
 C - a wand of flame (32)
 G - a wand of polymorph (10)
Scrolls
 g - 3 scrolls of immolation {!r}
 j - 8 scrolls of teleportation {@r4}
 k - a scroll of acquirement
 l - 2 scrolls of noise {!r}
 m - 2 scrolls of enchant weapon
 y - 4 scrolls of fog
 B - 3 scrolls of blinking
 J - a scroll of summoning
 K - 2 scrolls of poison {!r}
 N - a scroll of fear
 O - a scroll of enchant armour
 P - a scroll of silence {!r}
Potions
 d - 8 potions of might
 e - 4 potions of heal wounds {@q2}
 f - 3 potions of degeneration {unknown}
 p - 2 potions of curing {unknown}
 q - a potion of invisibility {unknown}
 s - 4 potions of haste {@q3}
 t - 3 potions of enlightenment
 u - a potion of berserk rage {unknown}
 v - 2 potions of brilliance {unknown}
 w - 3 potions of lignification {unknown}
 A - 2 potions of ambrosia {unknown}
 E - 3 potions of mutation {!q}
 I - 2 potions of magic {unknown}
 L - a potion of cancellation {unknown}

Dungeon Overview and Level Annotations

Branches:
Dungeon (15/15)            Temple (1/1) D:5            Lair (0/5) D:9
    Orc (0/2) D:9          Vaults (0/5) D:13         Depths (2/4) D:15

Altars:
Ashenzari
Cheibriados
Dithmenos
Elyvilon
Fedhas
Gozag
Hepliaklqana
Kikubaaqudgha
Makhleb
Nemelex Xobeh
Okawaru
Qazlal
Ru
Sif Muna
Trog
Uskayaw
Vehumet
Wu Jian
Xom
Yredelemnul
Zin
The Shining One

Shops:
D:6 (   Depths:1 (*

Portals:
Hell: Depths:1
Pandemonium: Depths:2
Ziggurat: Depths:2

Annotations:
D:9 exclusion: 2 downstairs
D:13 exclusion: downstairs

▒.....▒▒ ...≈ ▒.▒
▒......▒▒▒▒▒▒▒..
▒.▒
+...............
▒..
▒...............
▒....hh.........
▒...hYh.........
▒▒▒▒▒▒▒▒...........
▒8..(..▒.▒.▒▒▒▒▒▒▒▒
▒8(....∩H▒▒▒▒▒▒
▒8....(▒..▒...▒▒▒
▒▒▒▒▒▒▒▒..'.....▒▒
.........▒......▒▒
▒▒▒▒▒▒▒......♣...▒▒
▒.▒▒........▒▒
▒.▒▒▒▒▒......▒▒
▒.▒▒▒▒▒▒▒..♣..▒▒▒▒
▒.▒............▒▒.


You could see a hellephant, 4 hell hogs and 3 training dummies.


Message History

Found a gateway to Hell.
Unknown command.
The hell hog breathes fire at you.
The fireball explodes!
The fireball engulfs you!!
The hellephant attacks as it pursues you!
You block the hellephant's attack. The hellephant barely misses you.
You block the hellephant's attack. The hell hog attacks as it pursues you!
You block the hell hog's attack.
The hellephant attacks as it pursues you!
You block the hellephant's attack. The hellephant closely misses you.
The hellephant barely misses you. The hell hog breathes fire at you.
The fireball explodes!
The fireball engulfs you!!! The hellephant breathes flames at you.
The blast of flame hits you!!!
* * * LOW HITPOINT WARNING * * *
You hear two shouts!
The hell hog breathes fire at you.
The fireball explodes!
The fireball engulfs you!
* * * LOW HITPOINT WARNING * * *
The hell hog breathes fire at you.
The fireball explodes!
The fireball engulfs you!!
You die...

Action                     |  1- 3 |  4- 6 |  7- 9 | 10-12 | 13-15 || total
---------------------------+-------+-------+-------+-------+-------++-------
  Melee: Flail             |    62 |   103 |   197 |   610 |   842 ||  1814
         Headbutt          |     7 |    21 |    52 |   199 |   322 ||   601
 Invoke: Divine Shield     |       |       |     3 |       |    27 ||    30
         Summon Divine War |       |       |       |       |     1 ||     1
    Use: Scroll            |       |       |       |    12 |     6 ||    18
         Potion            |       |       |       |       |     2 ||     2
 Armour: Scale mail        |    45 |    65 |    86 |       |       ||   196
         Plate armour      |       |       |    86 |   404 |   351 ||   841
  Dodge: Dodged            |    28 |    45 |    88 |   122 |   179 ||   462
  Block: Buckler           |    11 |    26 |    51 |       |       ||    88
         Kite shield       |       |       |   107 |   482 |   869 ||  1458

Levels and vault maps discovered:
D:1:      mrwooster_arrival_statue_3, layout_rooms
D:2:      layout_basic, grunt_ministairs_9, minmay_tall_x, uniq_jessica
D:3:      layout_basic, fiery_altar_vehumet, dk_yredelemnul_ordeal,
          ebering_ecumenical_altar_webs
D:4:      layout_loops_ring
D:5:      layout_loops_ring, minmay_temple_entry_glass, minmay_fractal_squares_5
D:6:      layout_rooms, cheibrodos_ashenzari_chains, gammafunk_ghost_stat_death,
          serial_shops, nicolae_diamond_shop, uniq_eustachio, uniq_duvessa
D:7:      layout_basic, kennysheep_mini
D:8:      layout_rooms, makhleb_grotto_becter
D:9:      layout_irregular_city, due_lair_maze_entry_diamond,
          kennysheep_orc_monster_closet_entryway, serial_column_ruins,
          column_ruins_columns_dead_end, column_ruins_open_tiny,
          column_ruins_open_medium, grunt_decor_mini_mirrors,
          nicolae_elevator_lobby_asterisk
D:10:     layout_rooms, trog_three_pillars_becter, st_stairs_9, uniq_lodul,
          uniq_psyche, uniq_harold
D:11:     layout_loops_corners, serial_glass, glass_columns_a, glass_columns_b
D:12:     layout_grid_maze
D:13:     layout_small_grid, ximxim_vaults_locker_room
D:14:     layout_cave_pools, columned_hall_lemuel
D:15:     hangedman_depths_entry_civil_slaughter, layout_basic,
          nicolae_triple_integral
Temple:   nicolae_temple_elliptical
Depths:1: layout_gridlike, serial_shops, nicolae_shop_tiny_waterfront,
          grunt_hell_horde, nicolae_shop_firing_range, grunt_megastairs_3
Depths:2: hangedman_screamer, layout_long_grid, enter_ziggurat_d,
          gammafunk_ghost_smash, pan_entry, grunt_hell_entry_dis_grunt,
          grunt_ministairs_8, hangedman_ru_absence, minmay_staircase_statues

Notes
Turn   | Place    | Note
-------+----------+-------------------------------------------
     0 | D:1      | sanka the Minotaur Fighter began the quest for the Orb.
     0 | D:1      | Reached XP level 1. HP: 19/19 MP: 0/0
   119 | D:1      | Reached skill level 4 in Fighting
   119 | D:1      | Reached skill level 3 in Maces & Flails
   119 | D:1      | Reached XP level 2. HP: 27/27 MP: 1/1
   572 | D:2      | Reached skill level 4 in Maces & Flails
   576 | D:2      | Reached XP level 3. HP: 31/33 MP: 2/2
   696 | D:2      | Noticed Jessica
   705 | D:2      | Killed Jessica
   853 | D:2      | Reached skill level 5 in Maces & Flails
   855 | D:2      | Reached XP level 4. HP: 40/40 MP: 3/3
  1213 | D:3      | Found a radiant altar of Vehumet.
  1282 | D:3      | Found a faded altar of an unknown god.
  1290 | D:3      | Prayed at the altar of an unknown god.
  1290 | D:3      | Became a worshipper of the Shining One
  1290 | D:3      | Reached * piety under the Shining One
  1457 | D:3      | Reached skill level 6 in Maces & Flails
  1484 | D:3      | Found a runed translucent door.
  1485 | D:3      | Noticed a human
  1506 | D:3      | Found a basalt altar of Yredelemnul.
  1533 | D:3      | Reached XP level 5. HP: 43/46 MP: 4/4
  2459 | D:4      | Reached skill level 7 in Maces & Flails
  2709 | D:4      | Reached XP level 6. HP: 52/52 MP: 5/5
  3005 | D:5      | Entered Level 5 of the Dungeon
  3102 | D:5      | Reached skill level 8 in Maces & Flails
  3311 | D:5      | Reached skill level 9 in Maces & Flails
  3311 | D:5      | Reached XP level 7. HP: 44/59 MP: 6/6
  3412 | D:5      | Found a staircase to the Ecumenical Temple.
  4024 | D:5      | Reached skill level 10 in Maces & Flails
  4051 | D:6      | Reached ** piety under the Shining One
  4068 | D:5      | HP: 4/55 [wight/+3 flail (9)]
  4274 | Temple   | Entered the Ecumenical Temple
  4702 | D:6      | Found Rurghacs's Antique Weapon Shoppe.
  4722 | D:6      | Reached skill level 11 in Maces & Flails
  4727 | D:6      | Reached XP level 8. HP: 20/55 MP: 4/7
  4956 | D:6      | Reached skill level 12 in Maces & Flails
  4998 | D:6      | Found a transporter.
  4998 | D:6      | Noticed inmateoo's ghost (novice NaSh)
  5007 | D:6      | Reached skill level 4 in Armour
  5007 | D:6      | Reached skill level 4 in Shields
  5045 | D:6      | Noticed Eustachio
  5085 | D:5      | Killed Eustachio
  5086 | D:5      | Reached skill level 5 in Fighting
  5159 | D:6      | Found a broken altar of Ashenzari.
  5192 | D:6      | Reached skill level 5 in Armour
  5192 | D:6      | Reached skill level 5 in Shields
  5254 | D:6      | Noticed Duvessa
  5257 | D:6      | Noticed Dowan
  5261 | D:6      | Killed Duvessa
  5262 | D:6      | Reached XP level 9. HP: 72/75 MP: 8/8
  5262 | D:6      | Found a transporter.
  5263 | D:6      | Killed Dowan
  5264 | D:6      | Reached skill level 6 in Fighting
  5512 | D:6      | Killed inmateoo's ghost
  5513 | D:6      | Reached skill level 6 in Armour
  5513 | D:6      | Reached skill level 6 in Shields
  5545 | D:6      | Identified the ring "Tazaim" {Will+++ rCorr Int-4 Dex+6
                  | Slay+2}
  5680 | D:7      | Reached skill level 7 in Fighting
  5767 | D:7      | Found a sacrificial altar of Ru.
  5878 | D:7      | Reached skill level 7 in Armour
  5878 | D:7      | Reached skill level 7 in Shields
  6534 | D:8      | Reached *** piety under the Shining One
  6658 | D:8      | Reached skill level 8 in Fighting
  6684 | D:8      | Identified the +2 dagger "Udemidgh" {pain, rN+ Int+3}
  6742 | D:8      | Reached skill level 8 in Armour
  6742 | D:8      | Reached skill level 8 in Shields
  6748 | D:8      | Reached XP level 10. HP: 41/90 MP: 9/9
  7149 | D:8      | Found a burning altar of Makhleb.
  7230 | D:9      | Identified +0 steam dragon scales
  7300 | D:9      | Reached skill level 9 in Fighting
  7304 | D:9      | Identified +0 steam dragon scales
  7422 | D:9      | Reached skill level 9 in Armour
  7422 | D:9      | Reached skill level 9 in Shields
  7440 | D:9      | Found a staircase to the Lair.
  7606 | D:9      | Reached skill level 10 in Fighting
  7610 | D:9      | Noticed a two-headed ogre
  7619 | D:9      | Killed a two-headed ogre
  7620 | D:9      | Reached skill level 10 in Armour
  7620 | D:9      | Reached skill level 10 in Shields
  7982 | D:9      | Found a staircase to the Orcish Mines.
  8007 | D:9      | Reached XP level 11. HP: 99/101 MP: 10/10
  8360 | D:10     | Entered Level 10 of the Dungeon
  8360 | D:10     | Noticed Lodul
  8360 | D:10     | Noticed Harold
  8371 | D:9      | Killed Harold
  8604 | D:10     | Reached skill level 11 in Fighting
  8895 | D:10     | Identified a scroll of acquirement
  8899 | D:10     | Found a bloodstained altar of Trog.
  8920 | D:10     | Noticed Psyche
  8930 | D:10     | Killed Psyche
  8931 | D:10     | Reached skill level 11 in Armour
  8983 | D:10     | Reached skill level 11 in Shields
  9032 | D:10     | Noticed a soul eater
  9040 | D:10     | Noticed a sun demon
  9161 | D:10     | Reached **** piety under the Shining One
  9240 | D:10     | Noticed a two-headed ogre
  9252 | D:10     | Killed a two-headed ogre
  9519 | D:10     | Killed Lodul
  9793 | D:11     | Reached skill level 12 in Fighting
 10194 | D:11     | Reached skill level 12 in Armour
 10532 | D:11     | Reached skill level 12 in Shields
 10718 | D:12     | Noticed a deep elf pyromancer
 10726 | D:12     | Killed a deep elf pyromancer
 10935 | D:12     | Reached XP level 12. HP: 91/113 MP: 11/11
 11280 | D:12     | Noticed a two-headed ogre
 11291 | D:12     | Killed a two-headed ogre
 11395 | D:12     | Reached skill level 13 in Fighting
 11517 | D:12     | Reached skill level 13 in Armour
 11739 | D:13     | Reached ***** piety under the Shining One
 11740 | D:13     | Noticed a centaur warrior
 11751 | D:13     | Reached skill level 13 in Shields
 11756 | D:13     | Killed a centaur warrior
 11757 | D:13     | Reached skill level 1 in Dodging
 11757 | D:13     | Reached skill level 1 in Invocations
 11786 | D:12     | HP: 10/115 [vampire mosquito (3)]
 11790 | D:12     | Reached skill level 2 in Dodging
 11796 | D:12     | HP: 11/115 [vampire mosquito (1)]
 12071 | D:12     | Reached skill level 2 in Invocations
 12163 | D:13     | Reached skill level 3 in Dodging
 12163 | D:13     | Reached skill level 3 in Invocations
 12198 | D:13     | Noticed a centaur warrior
 12214 | D:13     | Killed a centaur warrior
 12223 | D:13     | Reached skill level 4 in Dodging
 12413 | D:13     | Reached skill level 4 in Invocations
 12729 | D:13     | Noticed a vault guard
 12729 | D:13     | Noticed a vault guard
 12733 | D:13     | Noticed a vault guard
 12738 | D:13     | Noticed a vault guard
 12743 | D:13     | Reached skill level 5 in Dodging
 12780 | D:12     | Killed a vault guard
 13012 | D:12     | Killed a vault guard
 13013 | D:12     | Reached skill level 5 in Invocations
 13019 | D:12     | Killed a vault guard
 13020 | D:12     | Reached skill level 6 in Dodging
 13218 | D:13     | Killed a vault guard
 13256 | D:13     | Found a gate to the Vaults.
 13394 | D:14     | Reached XP level 13. HP: 116/119 MP: 16/16
 13591 | D:14     | Reached skill level 6 in Invocations
 13638 | D:14     | Reached skill level 7 in Dodging
 13783 | D:13     | Reached skill level 7 in Invocations
 13884 | D:14     | Reached skill level 8 in Dodging
 14342 | D:15     | Entered Level 15 of the Dungeon
 14580 | D:15     | Reached skill level 8 in Invocations
 14608 | D:15     | Reached skill level 9 in Dodging
 15035 | D:15     | Found a staircase to the Depths.
 15035 | D:15     | Noticed an ettin
 15047 | D:15     | Killed an ettin
 15299 | D:15     | Reached skill level 9 in Invocations
 15319 | D:15     | Reached skill level 10 in Dodging
 15674 | D:15     | Reached skill level 10 in Invocations
 16591 | Depths:1 | Entered Level 1 of the Depths
 16624 | Depths:1 | Noticed a red very ugly thing
 16624 | Depths:1 | Noticed a red very ugly thing
 16627 | Depths:1 | Noticed a stone giant
 16650 | Depths:1 | Killed a stone giant
 16744 | Depths:1 | Noticed a red very ugly thing
 16744 | Depths:1 | Noticed a red very ugly thing
 16747 | Depths:1 | Noticed a lich
 17075 | D:15     | Killed a white very ugly thing
 17076 | D:15     | Reached XP level 14. HP: 129/129 MP: 18/21
 17084 | D:15     | Killed a red very ugly thing
 17179 | D:15     | Killed a red very ugly thing
 17180 | D:15     | Reached skill level 11 in Invocations
 17283 | D:15     | Killed a cyan very ugly thing
 17516 | Depths:1 | Killed a lich
 17764 | Depths:1 | Identified +0 ice dragon scales
 17842 | Depths:1 | Identified +0 ice dragon scales
 17916 | Depths:1 | Found Gynn's Assorted Antiques.
 17951 | Depths:1 | Reached skill level 12 in Invocations
 18160 | Depths:2 | Noticed a frost giant
 18183 | Depths:2 | Killed a frost giant
 18781 | Depths:2 | Noticed a brown very ugly thing
 18817 | Depths:2 | Killed a brown very ugly thing
 18969 | Depths:2 | Noticed a brown very ugly thing
 18969 | Depths:2 | Noticed a brown very ugly thing
 19022 | Depths:2 | Killed a red very ugly thing
 19032 | Depths:2 | Killed a red very ugly thing
 19170 | Depths:2 | Found a one-way gateway to a ziggurat.
 19242 | Depths:2 | Noticed a stone giant
 19260 | Depths:2 | Killed a stone giant
 19496 | Depths:2 | Found a sacrificial altar of Ru.
 19535 | Depths:2 | Noticed a brown very ugly thing
 19536 | Depths:2 | Noticed a brown very ugly thing
 19542 | Depths:2 | Noticed a brown very ugly thing
 19558 | Depths:2 | Killed a brown very ugly thing
 19586 | Depths:2 | Killed a brown very ugly thing
 19601 | Depths:2 | Killed a white very ugly thing
 19602 | Depths:2 | Reached skill level 11 in Dodging
 19809 | Depths:2 | Found a one-way gate leading to the halls of Pandemonium.
 19850 | Depths:2 | Noticed a stone giant
 19861 | Depths:2 | Killed a stone giant
 19862 | Depths:2 | Reached skill level 14 in Fighting
 19862 | Depths:2 | Reached skill level 14 in Armour
 19862 | Depths:2 | Reached skill level 14 in Shields
 20315 | Depths:1 | Noticed a tengu reaver
 20346 | Depths:1 | Killed a tengu reaver
 20486 | Depths:1 | Reached XP level 15. HP: 136/138 MP: 23/23
 20497 | Depths:1 | Found Zimeakyd's Firing Range.
 20990 | Depths:1 | Identified +0 ice dragon scales
 21129 | Depths:1 | Found a gateway to Hell.
 21129 | Depths:1 | Noticed a hellephant
 21139 | Depths:1 | HP: 12/139 [hell hog/fireball (13)]
 21140 | Depths:1 | Killed from afar by a hell hog

Vanquished Creatures
  A lich (Depths:1)
  A tengu reaver (Depths:1)
  A frost giant (Depths:2)
  2 stone giants
  10 very ugly things
  A merfolk javelineer (Depths:1)
  3 ettins
  A merfolk impaler (Depths:1)
  3 rakshasas (Depths:2)
  4 vault guards
  3 ice dragons (Depths:1)
  Harold (D:9)
  4 centaur warriors
  A catoblepas (D:15)
  A sphinx skeleton (Depths:2)
  9 tengu warriors
  3 two-headed ogres
  2 deep troll shamans
  2 deep troll earth magi
  An occultist (D:15)
  2 iron trolls (Depths:1)
  Lodul (D:10)
  An arcanist (D:14)
  5 deep trolls
  The ghost of inmateoo the Ruffian, a novice NaSh (D:6)
  A necromancer (Depths:2)
  2 deep elf pyromancers
  A fire giant zombie (Depths:2)
  7 cyclopes
  25 ugly things
  2 manticores
  A cane toad (shapeshifter) (D:14)
  2 gargoyles
  3 komodo dragons
  An efreet (D:15)
  3 kobold demonologists
  A freezing wraith (D:11)
  4 tengu conjurers
  Psyche (D:10)
  A hornet (D:9)
  6 trolls
  A glass eye (Depths:2)
  9 slime creatures
  3 wyverns
  2 water elementals (Depths:1)
  2 shadows (D:11)
  A yak (shapeshifter) (D:14)
  A vampire (D:12)
  An ettin skeleton (Depths:2)
  3 steam dragons (D:9)
  21 yaks
  8 humans (D:13)
  Eustachio (D:5)
  13 vampire mosquitoes
  Duvessa (D:6)
  A water moccasin (D:6)
  5 orc warriors
  A black bear (D:8)
  2 laughing skulls (D:14)
  9 ogres
  6 sky beasts
  2 ice beasts (D:6)
  6 centaurs
  A phantom (D:7)
  4 kobold brigands
  8 bullfrogs
  3 gnoll sergeants (D:9)
  A scorpion (D:5)
  8 wights
  Dowan (D:6)
  5 howler monkeys
  A crimson imp (D:8)
  5 quasits (D:6)
  3 jellies
  An orc priest (D:11)
  A gnoll bouda (D:5)
  Jessica (D:2)
  2 hounds
  5 iguanas
  5 orc wizards
  17 gnolls
  4 adders
  2 shadow imps
  3 ufetubi
  4 dart slugs
  2 ribbon worms
  14 orcs
  4 bats
  5 endoplasms
  3 giant cockroaches
  7 goblins
  5 hobgoblins
  3 jackals (D:2)
  2 quokkas
  5 ball pythons
  A frilled lizard (D:1)
  A jackal zombie (D:3)
  21 kobolds
  5 rats
387 creatures vanquished.

Vanquished Creatures (collateral kills)
  A stone giant (Depths:2)
  A fire dragon (Depths:2)
2 creatures vanquished.

Vanquished Creatures (others)
  A bullfrog (D:9)
1 creature vanquished.

Grand Total: 390 creatures vanquished
